| TOP OF THE 1ST |
|
Scranton WB RailRiders batting - Pitching for Rochester Red Wings : RHP Isaac Slack
|
|
Pitching: RHP Isaac Slack
|
|
|
Batting: RHB Bobby Melillo
|
0-0: Ball 1-0: Ball 2-0: Called Strike 2-1: Foul Ball, location: 2F 2-2: Ball 3-2: Ground out 6-3 (Groundball, 56D, EV 85.0 MPH)
|
|
Batting: SHB Victor Ruiz
|
0-0: Ball 1-0: Ball 2-0: Called Strike 2-1: DOUBLE (Line Drive, 3D, EV 94.4 MPH)
|
|
Batting: SHB Mukhtar Wa'il
|
0-0: Foul Ball, location: 2F 0-1: Ball 1-1: Ball 2-1: Ball 3-1: Foul Ball, location: 2F 3-2: Strikes out swinging
|
|
Batting: RHB Scott King
|
0-0: Called Strike 0-1: Ball 1-1: Ball 2-1: Ball 3-1: Base on Balls
|
|
Batting: LHB Dan Morris
|
0-0: Ball 1-0: Called Strike 1-1: Ground out U3 (Groundball, 3, EV 90.6 MPH)
|
| Top of the 1st over - 0 runs, 1 hit, 0 errors, 2 left on base; Scranton WB 0 - Rochester 0 |
| BOTTOM OF THE 1ST |
|
Rochester Red Wings batting - Pitching for Scranton WB RailRiders : RHP Jason Sterner
|
|
Pitching: RHP Jason Sterner
|
|
|
Batting: RHB Alex Sandoval
|
0-0: Called Strike 0-1: Ball 1-1: Ground out 5-3 (Groundball, 56S, EV 85.0 MPH)
|
|
Batting: RHB Väinö Tapaninen
|
0-0: Ball 1-0: Foul Ball, location: 2F 1-1: SINGLE (Groundball, 25, EV 70.6 MPH) (infield hit)
|
|
Batting: LHB Yat-sen Zhu
|
0-0: Ball 1-0: Ball 2-0: Called Strike 2-1: Foul Ball, location: 2F 2-2: Ball 3-2: Foul Ball, location: 2F 3-2: Strikes out swinging Väinö Tapaninen steals 2nd, throwing error, E2 Väinö Tapaninen to third
|
|
Batting: RHB Jimmy Buzard
|
0-0: Ball 1-0: Ball 2-0: Ball 3-0: Base on Balls
|
|
Batting: RHB Israel Gaona
|
0-0: Ball 1-0: Swinging Strike 1-1: Called Strike 1-2: Ground out 4-3 (Groundball, 34, EV 109.4 MPH)
|
| Bottom of the 1st over - 0 runs, 1 hit, 1 error, 2 left on base; Scranton WB 0 - Rochester 0 |
| TOP OF THE 2ND |
|
Scranton WB RailRiders batting - Pitching for Rochester Red Wings : RHP Isaac Slack
|
|
Batting: LHB Aaron Joyner
|
0-0: Called Strike 0-1: Ball 1-1: Ball 2-1: Ball 3-1: Called Strike 3-2: Foul Ball, location: 2F 3-2: Strikes out swinging
|
|
Batting: RHB Mike Gifford
|
0-0: Foul Ball, location: 2F 0-1: Foul Ball, location: 2F 0-2: Ball 1-2: Ball 2-2: Foul Ball, location: 2F 2-2: Strikes out swinging
|
|
Batting: SHB Joe Fure
|
0-0: Called Strike 0-1: Foul Ball, location: 2F 0-2: DOUBLE (Groundball, 3L, EV 111.9 MPH)
|
|
Batting: SHB Edwin Dominguez
|
0-0: Called Strike 0-1: Ball 1-1: Called Strike 1-2: Strikes out looking
|
| Top of the 2nd over - 0 runs, 1 hit, 0 errors, 1 left on base; Scranton WB 0 - Rochester 0 |
| BOTTOM OF THE 2ND |
|
Rochester Red Wings batting - Pitching for Scranton WB RailRiders : RHP Jason Sterner
|
|
Batting: LHB Gerardo Flores
|
0-0: Called Strike 0-1: Fly out, F7 (Flyball, 7LS, EV 95.0 MPH)
|
|
Batting: RHB Yonetoshi Muranaka
|
0-0: Ball 1-0: Called Strike 1-1: Foul Ball, location: 2F 1-2: Foul Ball, location: 2F 1-2: SINGLE (Groundball, 6, EV 95.0 MPH)
|
|
Batting: RHB Tony Rivera
|
0-0: Swinging Strike 0-1: Ball 1-1: Ball 2-1: Called Strike 2-2: Foul Ball, location: 2F 2-2: Strikes out swinging
|
|
Batting: RHB Aaron Trotman
|
0-0: Ball 1-0: Ball Yonetoshi Muranaka steals 2nd base (no throw) 2-0: Foul Ball, location: 2F 2-1: Ball 3-1: Base on Balls
|
|
Batting: RHB Alex Sandoval
|
0-0: Ball 1-0: Called Strike 1-1: Foul Ball, location: 2F 1-2: Ball 2-2: Strikes out swinging
|
| Bottom of the 2nd over - 0 runs, 1 hit, 0 errors, 2 left on base; Scranton WB 0 - Rochester 0 |
| TOP OF THE 3RD |
|
Scranton WB RailRiders batting - Pitching for Rochester Red Wings : RHP Isaac Slack
|
|
Batting: RHB Bobby Melillo
|
0-0: Swinging Strike 0-1: Ball 1-1: Ground out 5-3 (Groundball, 56, EV 100.6 MPH)
|
|
Batting: SHB Victor Ruiz
|
0-0: Ball 1-0: DOUBLE (Groundball, 5L, EV 106.2 MPH)
|
|
Batting: SHB Mukhtar Wa'il
|
0-0: Foul Ball, location: 2F 0-1: Swinging Strike 0-2: Foul Ball, location: 2F 0-2: Ball 1-2: Ground out 4-3 (Groundball, 4S, EV 90.0 MPH) Victor Ruiz to third
|
|
Batting: RHB Scott King
|
0-0: Ball 1-0: SINGLE (Line Drive, 9LS, EV 93.1 MPH) Victor Ruiz scores
|
|
Batting: LHB Dan Morris
|
0-0: Ground out 4-3 (Groundball, 4, EV 90.0 MPH)
|
| Top of the 3rd over - 1 run, 2 hits, 0 errors, 1 left on base; Scranton WB 1 - Rochester 0 |
| BOTTOM OF THE 3RD |
|
Rochester Red Wings batting - Pitching for Scranton WB RailRiders : RHP Jason Sterner
|
|
Batting: RHB Väinö Tapaninen
|
0-0: Ball 1-0: Ball 2-0: Called Strike 2-1: Foul Ball, location: 2F 2-2: Foul Ball, location: 2F 2-2: Foul Ball, location: 2F 2-2: Ball 3-2: Base on Balls
|
|
Batting: LHB Yat-sen Zhu
|
0-0: Ball Väinö Tapaninen steals 2nd base 1-0: Ground out 4-3 (Groundball, 4, EV 81.2 MPH) Väinö Tapaninen to third
|
|
Batting: RHB Jimmy Buzard
|
0-0: Ball 1-0: Ball 2-0: Ball 3-0: Base on Balls
|
|
Batting: RHB Israel Gaona
|
0-0: Ball 1-0: Foul Ball, location: 2F 1-1: Swinging Strike 1-2: Ball 2-2: Ball 3-2: Base on Balls Jimmy Buzard to second
|
|
Batting: LHB Gerardo Flores
|
0-0: Ball 1-0: Fly out, F9 (Flyball, 89D, EV 98.1 MPH)
|
|
Batting: RHB Yonetoshi Muranaka
|
0-0: Ball 1-0: Foul Ball, location: 2F 1-1: Foul Ball, location: 2F 1-2: Ball 2-2: Fly out, F7 (Flyball, 78M, EV 82.5 MPH)
|
| Bottom of the 3rd over - 0 runs, 0 hits, 0 errors, 3 left on base; Scranton WB 1 - Rochester 0 |
| TOP OF THE 4TH |
|
Scranton WB RailRiders batting - Pitching for Rochester Red Wings : RHP Isaac Slack
|
|
Batting: LHB Aaron Joyner
|
0-0: Foul Ball, location: 2F 0-1: Swinging Strike 0-2: Fly out, F7 (Flyball, 7S, EV 86.9 MPH)
|
|
Batting: RHB Mike Gifford
|
0-0: Swinging Strike 0-1: Called Strike 0-2: Ball 1-2: Fly out, F7 (Flyball, 7, EV 90.6 MPH)
|
|
Batting: SHB Joe Fure
|
0-0: Ball 1-0: Ball 2-0: Called Strike 2-1: Ball 3-1: SINGLE (Line Drive, 56D, EV 102.5 MPH)
|
|
Batting: SHB Edwin Dominguez
|
0-0: Ball 1-0: Ball 2-0: Swinging Strike 2-1: Foul Ball, location: 2F 2-2: Ball Wild Pitch! Joe Fure to second 3-2: Base on Balls
|
|
Batting: RHB Bobby Melillo
|
0-0: Called Strike 0-1: Foul Ball, location: 2F 0-2: Foul Ball, location: 2F 0-2: Ball 1-2: Fielders Choice at 2nd, 5-4 (Groundball, 56, EV 86.2 MPH)
|
| Top of the 4th over - 0 runs, 1 hit, 0 errors, 2 left on base; Scranton WB 1 - Rochester 0 |
| BOTTOM OF THE 4TH |
|
Rochester Red Wings batting - Pitching for Scranton WB RailRiders : RHP Jason Sterner
|
|
Batting: RHB Tony Rivera
|
0-0: Foul Ball, location: 2F 0-1: Ball 1-1: Ball 2-1: Foul Ball, location: 2F 2-2: Ground out 6-3 (Groundball, 6, EV 77.5 MPH)
|
|
Batting: RHB Aaron Trotman
|
0-0: Ball 1-0: Ball 2-0: Swinging Strike 2-1: Ball 3-1: Called Strike 3-2: Foul Ball, location: 2F 3-2: Ground out 6-3 (Groundball, 6, EV 84.4 MPH)
|
|
Batting: RHB Alex Sandoval
|
0-0: Ball 1-0: Foul Ball, location: 2F 1-1: Ball 2-1: Ball 3-1: Called Strike 3-2: Foul Ball, location: 2F 3-2: SINGLE (Groundball, 56S, EV 61.9 MPH) (infield hit)
|
|
Batting: RHB Väinö Tapaninen
|
0-0: Ball 1-0: Foul Ball, location: 2F 1-1: Called Strike 1-2: Ball 2-2: SINGLE (Groundball, 6M, EV 94.4 MPH) Alex Sandoval to second Runner from 2nd tries for 3rd, SAFE, throw by CF made to third
|
|
Batting: LHB Yat-sen Zhu
|
0-0: Called Strike 0-1: Called Strike 0-2: Ball 1-2: SINGLE (Line Drive, 6MD, EV 105.6 MPH) Alex Sandoval scores Väinö Tapaninen to second
|
|
Batting: RHB Jimmy Buzard
|
0-0: Ball 1-0: Ball 2-0: Foul Ball, location: 2F 2-1: Called Strike 2-2: Foul Ball, location: 2F 2-2: Strikes out swinging
|
| Bottom of the 4th over - 1 run, 3 hits, 0 errors, 2 left on base; Scranton WB 1 - Rochester 1 |
| TOP OF THE 5TH |
|
Scranton WB RailRiders batting - Pitching for Rochester Red Wings : RHP Isaac Slack
|
|
Batting: SHB Victor Ruiz
|
0-0: Ball 1-0: Called Strike 1-1: Swinging Strike 1-2: Strikes out swinging
|
|
Batting: SHB Mukhtar Wa'il
|
0-0: Ball 1-0: Fly out, F8 (Flyball, 8LM, EV 91.9 MPH)
|
|
Pitching: RHP Keeley Schenk
|
|
|
Batting: RHB Scott King
|
0-0: Swinging Strike 0-1: Ball 1-1: Ball 2-1: Ball 3-1: Foul Ball, location: 2F 3-2: Foul Ball, location: 2F 3-2: Ground out 6-3 (Groundball, 6M, EV 86.2 MPH)
|
| Top of the 5th over - 0 runs, 0 hits, 0 errors, 0 left on base; Scranton WB 1 - Rochester 1 |
| BOTTOM OF THE 5TH |
|
Rochester Red Wings batting - Pitching for Scranton WB RailRiders : RHP Jason Sterner
|
|
Pitching: RHP Jim Milch
|
|
|
Batting: RHB Israel Gaona
|
0-0: Called Strike 0-1: SINGLE (Line Drive, 89S, EV 106.2 MPH)
|
|
Batting: LHB Gerardo Flores
|
0-0: Called Strike Israel Gaona steals 2nd base (no throw) 0-1: Ground out 4-3 (Groundball, 4, EV 103.8 MPH) Israel Gaona to third
|
|
Batting: RHB Yonetoshi Muranaka
|
0-0: Foul Ball, location: 2F 0-1: Called Strike 0-2: Ground out 5-3 (Groundball, 56, EV 102.5 MPH)
|
|
Batting: RHB Tony Rivera
|
0-0: Swinging Strike 0-1: Foul Ball, location: 2F 0-2: Ball 1-2: Ball 2-2: Fly out, F8 (Line Drive, 8RD, EV 102.5 MPH)
|
| Bottom of the 5th over - 0 runs, 1 hit, 0 errors, 1 left on base; Scranton WB 1 - Rochester 1 |
| TOP OF THE 6TH |
|
Scranton WB RailRiders batting - Pitching for Rochester Red Wings : RHP Keeley Schenk
|
|
Batting: LHB Dan Morris
|
0-0: Ball 1-0: Foul Ball, location: 2F 1-1: Ground out 1-3 (Groundball, 13, EV 64.4 MPH)
|
|
Batting: LHB Aaron Joyner
|
0-0: Called Strike 0-1: Fly out, F8 (Flyball, 8LM, EV 81.2 MPH)
|
|
Batting: RHB Mike Gifford
|
0-0: Foul Ball, location: 2F 0-1: Ball 1-1: Ball 2-1: Swinging Strike 2-2: Strikes out swinging
|
| Top of the 6th over - 0 runs, 0 hits, 0 errors, 0 left on base; Scranton WB 1 - Rochester 1 |
| BOTTOM OF THE 6TH |
|
Rochester Red Wings batting - Pitching for Scranton WB RailRiders : RHP Jim Milch
|
|
Batting: RHB Aaron Trotman
|
0-0: Called Strike 0-1: Ball 1-1: Ground out 5-3 (Groundball, 56S, EV 68.8 MPH)
|
|
Batting: RHB Alex Sandoval
|
0-0: Fly out, F2 (Popup, 25F, EV 88.8 MPH)
|
|
Batting: RHB Väinö Tapaninen
|
0-0: Ball 1-0: Ball 2-0: Ball 3-0: Base on Balls
|
|
Batting: LHB Yat-sen Zhu
|
0-0: Ball Väinö Tapaninen is caught stealing 2nd base 2-6
|
| Bottom of the 6th over - 0 runs, 0 hits, 0 errors, 0 left on base; Scranton WB 1 - Rochester 1 |
| TOP OF THE 7TH |
|
Scranton WB RailRiders batting - Pitching for Rochester Red Wings : RHP Keeley Schenk
|
|
Pitching: LHP Tim Fried
|
|
|
Batting: SHB Joe Fure
|
0-0: Called Strike 0-1: Ball 1-1: Ball 2-1: Foul Ball, location: 2F 2-2: Strikes out swinging
|
|
Batting: SHB Edwin Dominguez
|
0-0: Called Strike 0-1: Fly out, F3 (Flyball, 3D, EV 82.5 MPH)
|
|
Batting: RHB Bobby Melillo
|
0-0: Ball 1-0: Ball 2-0: Ball 3-0: Called Strike 3-1: Fly out, F7 (Line Drive, 78S, EV 90.6 MPH)
|
| Top of the 7th over - 0 runs, 0 hits, 0 errors, 0 left on base; Scranton WB 1 - Rochester 1 |
| BOTTOM OF THE 7TH |
|
Rochester Red Wings batting - Pitching for Scranton WB RailRiders : RHP Jim Milch
|
|
Batting: LHB Yat-sen Zhu
|
0-0: Ball 1-0: Ball 2-0: Ball 3-0: Base on Balls
|
|
Batting: RHB Jimmy Buzard
|
0-0: Ball 1-0: Grounds into double play, 5-4-3 (Groundball, 56D, EV 86.9 MPH)
|
|
Batting: RHB Israel Gaona
|
0-0: Called Strike 0-1: Ground out 5-3 (Groundball, 56S, EV 83.1 MPH)
|
| Bottom of the 7th over - 0 runs, 0 hits, 0 errors, 0 left on base; Scranton WB 1 - Rochester 1 |
| TOP OF THE 8TH |
|
Scranton WB RailRiders batting - Pitching for Rochester Red Wings : LHP Tim Fried
|
|
Batting: SHB Victor Ruiz
|
0-0: Ball 1-0: Ball 2-0: Ball 3-0: Base on Balls
|
|
Batting: SHB Mukhtar Wa'il
|
0-0: Ball Pickoff Throw to First - Out! 1-3 1-0: Ball 2-0: Swinging Strike 2-1: Ball 3-1: Base on Balls
|
|
Batting: RHB Scott King
|
0-0: Foul Ball, location: 2F 0-1: SINGLE (Groundball, 4MD, EV 97.5 MPH) Mukhtar Wa'il to second
|
|
Pinch Runner at 2nd Johannes Gutermuth:
|
|
|
Batting: LHB Dan Morris
|
0-0: Ball 1-0: Called Strike 1-1: Foul Ball, location: 2F 1-2: DOUBLE (Line Drive, 89XD, EV 101.2 MPH) Johannes Gutermuth scores Scott King to third
|
|
Batting: LHB Aaron Joyner
|
0-0: Called Strike 0-1: Called Strike 0-2: Ball 1-2: Strikes out looking
|
|
Batting: RHB Mike Gifford
|
0-0: Called Strike 0-1: Called Strike 0-2: Ball 1-2: Foul Ball, location: 2F 1-2: Ground out 5-3 (Groundball, 56, EV 81.2 MPH)
|
| Top of the 8th over - 1 run, 2 hits, 0 errors, 2 left on base; Scranton WB 2 - Rochester 1 |
| BOTTOM OF THE 8TH |
|
Rochester Red Wings batting - Pitching for Scranton WB RailRiders : RHP Jim Milch
|
|
Pitching: LHP Robert Cruz
|
|
|
Now at 1B: Cristiano Serrão
|
|
|
Pinch Hitting: RHB Josh Zoglmann
|
0-0: Called Strike 0-1: Ball 1-1: Called Strike 1-2: Strikes out swinging
|
|
Batting: RHB Yonetoshi Muranaka
|
0-0: Swinging Strike 0-1: Ball 1-1: Ball 2-1: Foul Ball, location: 2F 2-2: Foul Ball, location: 2F 2-2: Strikes out swinging
|
|
Batting: RHB Tony Rivera
|
0-0: Ball 1-0: Ground out 4-3 (Groundball, 4S, EV 70.0 MPH)
|
| Bottom of the 8th over - 0 runs, 0 hits, 0 errors, 0 left on base; Scranton WB 2 - Rochester 1 |
| TOP OF THE 9TH |
|
Scranton WB RailRiders batting - Pitching for Rochester Red Wings : LHP Tim Fried
|
|
Pitching: LHP Ryan Fulford
|
|
|
Now in RF: Adam Noyes
|
|
|
Batting: SHB Joe Fure
|
0-0: Ball 1-0: Ball 2-0: Ground out 5-3 (Groundball, 56S, EV 74.4 MPH)
|
|
Batting: SHB Edwin Dominguez
|
0-0: Foul Ball, location: 2F 0-1: Ball 1-1: Ball 2-1: Ball 3-1: Swinging Strike 3-2: Foul Ball, location: 2F 3-2: Ground out 6-3 (Groundball, 56D, EV 85.6 MPH)
|
|
Batting: RHB Bobby Melillo
|
0-0: Called Strike 0-1: Swinging Strike 0-2: Ball 1-2: Ball 2-2: DOUBLE (Line Drive, 5D, EV 95.6 MPH)
|
|
Batting: SHB Victor Ruiz
|
0-0: Called Strike 0-1: Called Strike 0-2: Strikes out looking
|
| Top of the 9th over - 0 runs, 1 hit, 0 errors, 1 left on base; Scranton WB 2 - Rochester 1 |
| BOTTOM OF THE 9TH |
|
Rochester Red Wings batting - Pitching for Scranton WB RailRiders : LHP Robert Cruz
|
|
Pitching: RHP Isaias Chavez
|
|
|
Pinch Hitting: SHB Gerardo Flores
|
0-0: Ball 1-0: Ball 2-0: Called Strike 2-1: DOUBLE (Flyball, 89XD, EV 100.6 MPH)
|
|
Batting: RHB Alex Sandoval
|
0-0: Called Strike 0-1: Ball 1-1: Ball 2-1: Sac Bunt to 25 - play at first, batter OUT! 5-3 Gerardo Flores to third
|
|
Batting: RHB Väinö Tapaninen
|
0-0: Ball 1-0: Ball 2-0: SINGLE (Groundball, 4MD, EV 101.2 MPH) Gerardo Flores scores
|
|
Batting: LHB Yat-sen Zhu
|
0-0: Ball 1-0: Called Strike 1-1: Swinging Strike 1-2: Ball 2-2: Ball 3-2: Strikes out swinging Väinö Tapaninen steals 2nd base Batter strikes out.
|
|
Batting: RHB Jimmy Buzard
|
0-0: Ball 1-0: Ball 2-0: Fly out, F7 (Flyball, 7S, EV 85.0 MPH)
|
| Bottom of the 9th over - 1 run, 2 hits, 0 errors, 1 left on base; Scranton WB 2 - Rochester 2 |
| TOP OF THE 10TH |
|
Scranton WB RailRiders batting - Pitching for Rochester Red Wings : LHP Ryan Fulford
|
|
Pitching: RHP Tim Riley
|
|
|
Now in LF: Jon Hice
|
|
|
Batting: SHB Cristiano Serrão
|
0-0: Called Strike 0-1: Called Strike 0-2: Ball 1-2: Ball 2-2: Foul Ball, location: 2F 2-2: Ground out 4-3 (Groundball, 4, EV 103.1 MPH)
|
|
Batting: RHB Scott King
|
0-0: Ball 1-0: Swinging Strike 1-1: Called Strike 1-2: Strikes out swinging, 2-3 out at first.
|
|
Batting: LHB Dan Morris
|
0-0: Called Strike 0-1: Fly out, F8 (Flyball, 8LD, EV 103.1 MPH)
|
| Top of the 10th over - 0 runs, 0 hits, 0 errors, 0 left on base; Scranton WB 2 - Rochester 2 |
| BOTTOM OF THE 10TH |
|
Rochester Red Wings batting - Pitching for Scranton WB RailRiders : RHP Isaias Chavez
|
|
Batting: RHB Israel Gaona
|
0-0: Ball 1-0: Ball 2-0: Called Strike 2-1: Called Strike 2-2: Foul Ball, location: 2F 2-2: Strikes out swinging
|
|
Pinch Hitting: SHB Brian Bagley
|
0-0: Ground out 5-3 (Groundball, 6, EV 93.1 MPH)
|
|
Batting: RHB Yonetoshi Muranaka
|
0-0: Ball 1-0: SINGLE (Groundball, 4D, EV 106.2 MPH)
|
|
Pitching: LHP Jose Carmona
|
|
|
Batting: RHB Tony Rivera
|
0-0: Called Strike Yonetoshi Muranaka steals 2nd base (no throw) 0-1: Ball 1-1: Ground out 4-3 (Groundball, 4M, EV 79.4 MPH)
|
| Bottom of the 10th over - 0 runs, 1 hit, 0 errors, 1 left on base; Scranton WB 2 - Rochester 2 |
| TOP OF THE 11TH |
|
Scranton WB RailRiders batting - Pitching for Rochester Red Wings : RHP Tim Riley
|
|
Now in RF: David McNair
|
|
|
Batting: LHB Aaron Joyner
|
0-0: Ball 1-0: Ground out 6-3 (Groundball, 56, EV 86.2 MPH)
|
|
Batting: RHB Mike Gifford
|
0-0: Called Strike 0-1: Called Strike 0-2: Foul Ball, location: 2F 0-2: Ball 1-2: Ball 2-2: Ground out 1-3 (Groundball, 13, EV 67.5 MPH)
|
|
Batting: SHB Joe Fure
|
0-0: Called Strike 0-1: Ball 1-1: Ball 2-1: SINGLE (Groundball, 3D, EV 106.9 MPH)
|
|
Batting: SHB Edwin Dominguez
|
0-0: Ball 1-0: Called Strike 1-1: Ball 2-1: SINGLE (Line Drive, 6D, EV 96.2 MPH) Joe Fure to second
|
|
Pinch Hitting: LHB Jose Lebron
|
0-0: Called Strike 0-1: Called Strike 0-2: 3-RUN HOME RUN (Line Drive, 9LD, EV 94.4 MPH), Distance : 348 ft
|
|
Batting: SHB Victor Ruiz
|
0-0: Ball 1-0: Ball 2-0: Foul Ball, location: 2F 2-1: Foul Ball, location: 2F 2-2: Ground out 5-3 (Groundball, 15, EV 86.2 MPH)
|
| Top of the 11th over - 3 runs, 3 hits, 0 errors, 0 left on base; Scranton WB 5 - Rochester 2 |
| BOTTOM OF THE 11TH |
|
Rochester Red Wings batting - Pitching for Scranton WB RailRiders : LHP Jose Carmona
|
|
Now at 2B: Scott King
|
|
|
Now at SS: Jordan Barragan
|
|
|
Batting: RHB Jon Hice
|
0-0: Ball 1-0: Ground out 4-3 (Groundball, 4S, EV 83.8 MPH)
|
|
Batting: RHB Alex Sandoval
|
0-0: Ball 1-0: Ball 2-0: Foul Ball, location: 2F 2-1: Ball 3-1: Base on Balls
|
|
Batting: RHB Väinö Tapaninen
|
0-0: Called Strike 0-1: Called Strike 0-2: Strikes out looking
|
|
Batting: LHB Yat-sen Zhu
|
0-0: Ball 1-0: Ball 2-0: Swinging Strike 2-1: Foul Ball, location: 2F 2-2: Ball 3-2: Foul Ball, location: 2F 3-2: Foul Ball, location: 2F 3-2: Ground out 4-3 (Groundball, 4, EV 108.1 MPH)
|
| Bottom of the 11th over - 0 runs, 0 hits, 0 errors, 1 left on base; Scranton WB 5 - Rochester 2 |
|